Description

rush go

Replay - Odyssée EC (49)

Build Order

Get SALT Encoding   

  12  0:01  SCV  
  13  0:13  SCV  
  14  0:22  Supply Depot  
  14  0:25  SCV  
  15  0:43  SCV  
  15  0:45  Barracks  
  15  0:48  Refinery  
  16  0:54  Refinery  
  16  0:56  SCV  
  17  1:08  SCV  
  18  1:20  SCV  
  20  1:35  Barracks Tech Lab  
  20  1:36  Ghost Academy  
  20  1:38  Orbital Command  
  19  1:45  Supply Depot  
  19  2:05  Ghost  
  21  2:16  Factory  
  21  2:22  SCV  
  22  2:34  Ghost  
  24  2:38  SCV  
  24  2:41  Supply Depot  
  26  2:51  SCV  
  26  3:00  Factory Reactor  
  26  3:11  Supply Depot  
  27  3:38  Cyclone x2  
Spawning Tool Build Advisor. Get it on Overwolf

Analysis

r

Go to:

Details

  • Created by: defer
  • Published on: Dec 09, 2017
  • Modified on: Dec 09, 2017
  • Patch: 4.0.0
Show
View Real Time Build Order
Export as new Build Order

Comments (0)

There are no comments. Be the first!

Create an account to comment!